 Dungeon Crawl Stone Soup version 0.26-a0-34-g9e0bf03 (webtiles) character file.

Game seed: 3082876958573267369, levelgen mode: deterministic

31 Faca the Vandal (level 3, 0/25 HPs)
             Began as a Halfling Hunter on May 29, 2020.
             Succumbed to an adder's poison
             ... on level 2 of the Dungeon.
             The game lasted 00:01:10 (681 turns).

Faca the Vandal (Halfling Hunter)                    Turns: 681, Time: 00:01:11

Health: 0/25       AC:  6    Str: 13 (14) XL:     3   Next: 40%
Magic:  3/3        EV: 11    Int:  7 (9)  God:
Gold:   20         SH:  0    Dex: 13 (14) Spells: 2/2 levels left

rFire    . . .     SeeInvis .   b - +0 short sword
rCold    . . .     Gourm    .   (shield restricted)
rNeg     . . .     Faith    .   j - +0 scale mail
rPois    .         Spirit   .   (no helmet)
rElec    .         Reflect  .   (no cloak)
rCorr    .         Harm     .   (no gloves)
MR       .....                  (no boots)
Stlth    ..........             (no amulet)
HPRegen  0.08/turn              (no ring)
MPRegen  0.08/turn              (no ring)

@: mighty, lethally poisoned (0 -> -10), flying
A: small, mutation resistance 1
a: no special abilities


You were on level 2 of the Dungeon.
You were not hungry.

You visited 1 branch of the dungeon, and saw 2 of its levels.

You collected 20 gold pieces.

Inventory:

Hand Weapons
 a - a +1 hunting sling
 b - a +0 short sword (weapon)
Missiles
 d - 20 sling bullets
 g - 54 stones (quivered)
Armour
 j - a +0 scale mail (worn)
Scrolls
 e - 2 scrolls of remove curse
 l - 2 scrolls of fear
Potions
 c - 2 potions of degeneration
 m - a potion of flight
Comestibles
 f - a ration
 k - a chunk of flesh


   Skills:
 + Level 2.6 Fighting
 + Level 6.6 Slings
 - Level 2.1 Dodging
 - Level 1.1 Stealth


You had 2 spell levels left.
You didn't know any spells.
Your spell library was empty.

Dungeon Overview and Level Annotations

Branches:
Dungeon (2/15)

Altars:


Innate Abilities, Weirdness & Mutations

You are small and have problems with some larger weapons.
You are somewhat resistant to further mutation.


Message History

It was a potion of flight.
You feel very buoyant.
You fly up into the air.
* * * LOW HITPOINT WARNING * * *
You feel sick. The bat hits you but does no damage. The bat barely misses you.
The adder bites you.
* * * LOW HITPOINT WARNING * * *
You are more poisoned.
The adder poisons you!
The frilled lizard bites you but does no damage.
You puncture the adder!
You kill the adder!
* * * LOW HITPOINT WARNING * * *
You feel sick. The bat barely misses you. The frilled lizard misses you.
You puncture the frilled lizard!
You kill the frilled lizard!
* * * LOW HITPOINT WARNING * * *
You feel sick.
You barely miss the bat.
You die...

. .. ###########
... #......?..#
.... #.....>...#
..... #.....<...#
....?.#.........#
.......@b.†.....#
####..†.†.......#
##.#........<#
#....[.......#
.........#####.#
######.#.. ...
#..... .. ###.###
.#


You could see a bat.

Vanquished Creatures
  An adder (D:2)
  A leopard gecko (D:1)
  2 giant cockroaches
  A hobgoblin (D:2)
  A quokka (D:2)
  3 bats (D:1)
  A frilled lizard (D:2)
  3 goblins (D:1)
  5 kobolds (D:1)
  3 rats
21 creatures vanquished.

Notes
Turn   | Place    | Note
-------+----------+-------------------------------------------
     0 | D:1      | Faca the Halfling Hunter began the quest for the Orb.
     0 | D:1      | Reached XP level 1. HP: 14/14 MP: 1/1
   107 | D:1      | Reached skill level 6 in Slings
   128 | D:1      | Reached XP level 2. HP: 19/19 MP: 2/2
   651 | D:2      | Reached XP level 3. HP: 22/25 MP: 3/3
   679 | D:2      | HP: 1/25 [poisoned by an adder]
   681 | D:2      | Succumbed to an adder's poison

Illustrated notes

Levels and vault maps discovered:
D:1:      sevenhm_arrival_forest_fort_small_4, layout_basic, minmay_pentomino_x2
D:2:      layout_rooms, first_ration, minmay_tree_intersection, uniq_sigmund

Skill      XL: |  1 |
---------------+----+-----
Slings         | 6 |  6.6
Fighting       | 2 |  2.6
Dodging        | |  2.1
Stealth        | |  1.1

Action                   || total
-------------------------++-------
Melee: Short sword       ||    89
  Use: Scroll            ||     3
       Potion            ||     3
Armor: Scale mail        ||    59
       Leather armour    ||     1
Dodge: Dodged            ||   120

Table legend:
 A = Non-vault XP
 B = Vault XP
 C = Vault XP percentage of total XP
 D = Non-vault monster count
 E = Vault monster count
 F = Vault count percentage of total count
                 A         B        C        D         E       F
            +---------+---------+-------+---------+---------+-------
      Total |      42 |       3 |   6.7 |      19 |       2 |   9.5
            +---------+---------+-------+---------+---------+-------
        D:1 |      21 |       3 |  12.5 |      13 |       2 |  13.3
        D:2 |      21 |       0 |   0.0 |       6 |       0 |   0.0
            +---------+---------+-------+---------+---------+-------
